Map: [EWC] Alcyone

Players

Maru

  • Race: Terran Terran
  • Spawn Location: 7:00

Oliveira - Winner!

  • Race: Terran Terran
  • Spawn Location: 1:00

Event: Esports World Cup 2024

VOD

Have the link to the VOD?

Description

Time

  • Played on: Aug. 16, 2024, 11:30 a.m.
  • Length: 18:34

All games in this series

Show
View Real Time Build Order
Export as new Build Order

Maru Terran 

Build Orders: Cyclone Opening 

Get SALT Encoding   

  12  0:00  SCV  
  13  0:12  SCV  
  14  0:17  Supply Depot  
  14  0:24  SCV  
  15  0:38  SCV  
  15  0:39  Barracks  
  15  0:42  Refinery  
  16  0:50  SCV  
  16  0:53  Refinery  
  17  1:02  SCV  
  18  1:15  SCV  
  19  1:26  Reaper  
  19  1:27  Orbital Command  
  19  1:31  Supply Depot  
  20  1:40  Factory  
  20  1:52  SCV  
  21  1:58  Reaper  
  22  2:04  SCV  
  23  2:15  Command Center  
  23  2:17  SCV  
  24  2:24  Hellion  
  24  2:29  SCV  
  27  2:35  Starport  
  27  2:41  SCV  
  27  2:42  Supply Depot  
  28  2:48  Cyclone  
  30  2:53  SCV, Barracks Reactor  
  31  3:06  SCV  
  31  3:12  Medivac  
  34  3:18  SCV  
  35  3:20  Cyclone  
  35  3:23  Refinery  
  37  3:30  SCV  
  37  3:32  Marine  
  39  3:35  Orbital Command, Marine  
  40  3:42  SCV  
  40  3:43  Starport Tech Lab  
  41  3:50  Marine  
  41  3:52  Cyclone, Marine  
  41  3:54  SCV  
  46  3:56  Supply Depot  
  46  4:01  SCV  
  47  4:05  Raven  
  47  4:06  SCV  
  49  4:13  Marine  
  49  4:14  SCV  
  48  4:18  SCV  
  48  4:19  Reaper  
  47  4:26  SCV  
  47  4:28  Factory Tech Lab  
  47  4:30  Interference Matrix, SCV  
  47  4:31  Marine  
  50  4:39  Raven  
  50  4:43  SCV x2  
  54  4:47  Siege Tank  
  54  4:48  Marine  
  54  4:50  Supply Depot  
  54  4:51  Marine  
  59  4:55  Refinery  
  59  4:56  SCV  
  60  5:00  SCV  
  60  5:06  Marine  
  59  5:08  SCV  
  59  5:09  Marine  
  59  5:12  SCV  
  56  5:17  Raven  
  56  5:20  Siege Tank, SCV  
  61  5:24  Marine  
  61  5:27  Supply Depot, Marine  
  63  5:33  Starport  
  63  5:35  SCV  
  63  5:36  SCV  
  65  5:43  Supply Depot  
  65  5:48  SCV  
  66  5:52  Siege Tank  
  66  5:53  SCV  
  70  6:00  SCV, Liberator  
  73  6:04  Viking  
  73  6:06  SCV  
  73  6:08  Supply Depot  
  73  6:09  Marine  
  77  6:18  Viking  
  79  6:24  SCV  
  80  6:31  Command Center  
  80  6:34  Viking  
  80  6:39  Siege Tank  
  85  6:42  SCV x2  
  85  6:43  Viking  
  89  6:47  Supply Depot  
  92  6:54  SCV, Viking  
  92  6:56  SCV  
  93  7:03  Supply Depot  
  93  7:06  SCV  
  94  7:09  Viking  
  94  7:14  Siege Tank  
  99  7:15  SCV  
  99  7:18  SCV  
  99  7:21  Factory  
  101  7:28  SCV  
  102  7:32  SCV  
  103  7:38  Viking  
  103  7:40  SCV  
  103  7:43  Viking x2  
  109  7:44  SCV  
  109  7:46  Siege Tank  
  109  7:47  Orbital Command  
  112  7:54  SCV  
  112  7:55  Refinery  
  112  7:56  Refinery  
  113  7:59  SCV  
  113  8:04  Supply Depot  
  114  8:06  SCV  
  114  8:08  Viking  
  110  8:13  Viking  
  110  8:15  SCV x2, Siege Tank  
  110  8:16  Viking  
  119  8:20  SCV  
  102  8:27  SCV x2  
  102  8:33  SCV  
  92  8:36  Siege Tank  
  92  8:38  Viking  
  92  8:39  SCV x2, Engineering Bay  
  99  8:43  Viking  
  99  8:45  SCV  
  102  8:49  Siege Tank  
  102  8:50  Command Center  
  102  8:53  Starport Tech Lab  
  102  8:55  SCV  
  106  9:02  SCV  
  107  9:06  Armory  
  107  9:08  Siege Tank  
  110  9:10  Missile Turret  
  110  9:11  Missile Turret  
  110  9:14  SCV, Missile Turret  
  110  9:15  SCV x2  
  113  9:17  Raven  
  113  9:21  Siege Tank, Armory  
  118  9:26  SCV  
  118  9:27  SCV, Sensor Tower  
  118  9:28  Missile Turret  
  120  9:32  Viking x2  
  120  9:34  Supply Depot, SCV  
  125  9:38  Missile Turret  
  125  9:39  SCV  
  126  9:45  Barracks Reactor  
  126  9:49  Factory  
  126  9:53  Siege Tank  
  126  9:58  Command Center  
  129  10:01  Terran Vehicle Weapons Level 1  
  129  10:04  SCV x2  
  131  10:15  Siege Tank  
  131  10:16  Terran Vehicle And Ship Armor Level 1  
  131  10:20  Missile Turret  
  131  10:21  Missile Turret  
  133  10:22  Command Center  
  133  10:23  SCV x2  
  133  10:24  Raven  
  137  10:31  Siege Tank  
  140  10:35  SCV  
  140  10:39  Command Center  
  141  10:49  Siege Tank, Missile Turret  
  144  10:51  Missile Turret, Sensor Tower  
  144  10:58  Raven  
  144  11:02  SCV, Missile Turret  
  144  11:03  Siege Tank  
  150  11:05  Engineering Bay  
  150  11:06  Engineering Bay  
  133  11:15  Viking  
  133  11:18  SCV x2  
  114  11:21  Siege Tank  
  116  11:32  Hellion x2  
  117  11:35  Siege Tank  
  117  11:37  SCV  
  112  11:42  SCV x2, Viking  
  112  11:49  SCV  
  112  11:53  Siege Tank, Hellion x2  
  120  11:54  SCV x2  
  120  11:55  Orbital Command x2  
  120  11:57  Command Center  
  120  12:01  SCV  
  123  12:04  Viking  
  123  12:06  SCV  
  123  12:07  Siege Tank  
  127  12:10  Planetary Fortress  
  127  12:14  Hellion  
  129  12:16  Hellion  
  129  12:21  SCV  
  129  12:22  Terran Vehicle Weapons Level 2  
  135  12:31  SCV, Refinery  
  135  12:32  Refinery  
  135  12:35  Medivac  
  138  12:37  Viking  
  138  12:40  SCV x2  
  129  12:54  Cyclone x2  
  129  12:55  Viking  
  129  12:57  Terran Vehicle And Ship Armor Level 2  
  125  12:59  Starport  
  125  13:02  Missile Turret  
  125  13:03  Missile Turret  
  125  13:04  Viking  
  127  13:06  SCV x3, Starport  
  127  13:07  SCV x2, Viking  
  127  13:08  Orbital Command  
  127  13:11  Thor  
  138  13:18  SCV  
  138  13:19  Thor  
  140  13:20  SCV  
  146  13:27  Sensor Tower  
  146  13:32  SCV, Refinery, Viking  
  149  13:40  Viking  
  151  13:45  Missile Turret, Sensor Tower  
  151  13:50  Viking  
  151  13:52  Hellbat  
  151  13:54  Refinery  
  150  14:02  Viking  
  152  14:06  Thor  
  152  14:07  Siege Tank  
  161  14:11  Viking  
  163  14:22  Viking  
  163  14:32  Viking  
  163  14:34  SCV x5  
  163  14:38  Starport Reactor  
  170  14:41  Viking  
  172  14:45  Command Center  
  172  14:46  Infernal Pre-Igniter  
  172  14:47  Hellbat x2  
  172  14:48  Smart Servos  
  172  14:50  Thor  
  185  14:52  Siege Tank  
  185  14:57  Supply Depot  
  185  15:01  Viking  
  185  15:02  Missile Turret  
  187  15:07  Terran Vehicle Weapons Level 3  
  187  15:09  Starport Tech Lab  
  187  15:13  Factory  
  187  15:14  Factory  
  187  15:16  Terran Vehicle And Ship Armor Level 3  
  187  15:19  Raven  
  189  15:24  Command Center  
  184  15:42  Viking  
  160  15:45  Viking  
  160  15:47  SCV  
  160  15:48  SCV x4  
  161  15:52  Raven, Viking  
  161  15:53  Viking  
  161  15:55  Siege Tank x2  
  173  15:59  SCV  
  173  16:02  Factory Reactor, Factory Tech Lab  
  174  16:16  Hellbat  
  138  16:18  Raven, Viking x2  
  175  16:21  Missile Turret  
  175  16:22  Missile Turret, Viking  
  175  16:24  Missile Turret  
  175  16:25  Missile Turret  
  181  16:26  Thor  
  181  16:27  Thor  
  181  16:28  Viking  
  181  16:29  Refinery  
  179  16:49  Viking  
  179  16:53  Viking  
  137  16:55  Thor  
  137  16:58  Hellbat  
  137  16:59  Hellbat x2  
  138  17:07  Hellbat  
  136  17:09  Thor x2  
  148  17:20  Hellbat  
  149  17:28  Hellbat x2  
  153  17:33  Supply Depot x3  
  147  17:57  Supply Depot x2  
  159  18:01  Supply Depot  
Show
View Real Time Build Order
Export as new Build Order

Oliveira Terran - Winner!

Build Orders:  

Get SALT Encoding   

  12  0:00  SCV  
  13  0:12  SCV  
  14  0:17  Supply Depot  
  14  0:24  SCV  
  15  0:39  SCV, Barracks  
  16  0:43  Refinery  
  16  0:51  SCV  
  16  0:54  Refinery  
  17  1:03  SCV  
  18  1:15  SCV  
  19  1:27  Orbital Command, Reaper  
  19  1:31  Supply Depot  
  20  1:43  Factory  
  20  1:53  SCV  
  21  1:59  Barracks Reactor  
  21  2:05  SCV  
  22  2:18  Command Center  
  22  2:22  SCV  
  23  2:28  Hellion  
  25  2:33  Supply Depot  
  25  2:36  Reaper x2  
  27  2:40  SCV  
  28  2:49  Hellion  
  30  2:52  SCV  
  30  2:57  Starport  
  31  3:04  SCV  
  32  3:09  Reaper  
  32  3:11  Reaper  
  36  3:13  Hellion  
  36  3:16  SCV  
  37  3:28  SCV  
  37  3:30  Orbital Command  
  38  3:37  Cyclone  
  38  3:39  Viking  
  42  3:43  Marine x2  
  44  3:50  Refinery  
  44  3:52  Supply Depot  
  44  3:55  SCV  
  44  3:58  SCV  
  44  4:04  Marine  
  44  4:05  Marine  
  43  4:20  Cyclone  
  43  4:21  Starport Tech Lab  
  43  4:22  Marine  
  43  4:23  Marine  
  44  4:25  SCV  
  44  4:26  SCV  
  43  4:36  Command Center  
  43  4:37  SCV  
  44  4:38  SCV  
  44  4:40  Raven  
  44  4:41  Interference Matrix  
  44  4:44  Marine  
  44  4:45  Marine  
  49  4:49  SCV  
  49  4:51  SCV  
  51  4:53  Factory Tech Lab  
  51  4:59  Supply Depot  
  51  5:02  SCV, Marine  
  51  5:03  SCV  
  46  5:15  SCV  
  46  5:16  Raven, Siege Tank  
  46  5:17  Marine  
  46  5:18  SCV  
  53  5:29  Barracks x2  
  53  5:31  SCV, Marine  
  53  5:35  SCV, Marine  
  57  5:43  SCV  
  57  5:48  SCV, Refinery, Siege Tank  
  62  5:50  Orbital Command  
  62  5:57  Supply Depot, SCV  
  62  6:00  SCV  
  63  6:05  Stimpack  
  63  6:06  Viking  
  63  6:10  Viking  
  67  6:13  SCV  
  67  6:15  Marine  
  67  6:17  Barracks Reactor  
  69  6:19  Orbital Command  
  69  6:20  SCV, Barracks Reactor  
  69  6:24  Siege Tank  
  73  6:25  Supply Depot  
  73  6:27  SCV  
  73  6:32  SCV  
  75  6:36  Marine  
  75  6:37  Viking  
  75  6:39  SCV  
  79  6:41  Viking  
  79  6:45  SCV x2  
  83  6:47  Supply Depot  
  82  6:54  Marine x2  
  82  6:55  SCV  
  82  6:57  Marine  
  82  6:58  Siege Tank, Marine  
  82  6:59  SCV  
  91  7:07  Engineering Bay x2  
  91  7:08  SCV  
  92  7:11  SCV  
  92  7:13  Supply Depot, SCV  
  95  7:17  Viking  
  95  7:21  Viking  
  99  7:22  SCV  
  99  7:23  SCV  
  99  7:25  SCV  
  99  7:27  Marine x3  
  103  7:37  Siege Tank  
  103  7:39  SCV  
  103  7:40  Marine  
  103  7:41  SCV  
  107  7:47  SCV, Marine  
  107  7:49  Terran Infantry Weapons Level 1, Terran Infantry Armor Level 1  
  107  7:53  SCV  
  107  7:55  Marine x2, Medivac x2  
  107  7:58  SCV  
  115  8:02  Supply Depot  
  115  8:03  Barracks  
  115  8:04  Barracks  
  115  8:08  Supply Depot, SCV, Refinery, Combat Shield  
  115  8:09  Refinery  
  115  8:13  Marine x2  
  115  8:14  Marine  
  108  8:24  Marine  
  108  8:26  Marine  
  97  8:30  Siege Tank  
  97  8:31  SCV x2, Marine x2  
  97  8:32  SCV, Marine  
  103  8:41  Marine  
  103  8:42  Medivac  
  103  8:43  SCV  
  103  8:44  Marine  
  103  8:47  Command Center, Medivac  
  103  8:48  SCV  
  111  8:49  SCV, Marine  
  111  8:51  Barracks Reactor  
  111  8:52  Barracks Reactor  
  113  8:57  Armory  
  113  9:02  SCV x2  
  114  9:03  Marine x2  
  114  9:06  SCV  
  114  9:07  Marine  
  118  9:10  Marine  
  118  9:14  Siege Tank, Marine  
  123  9:18  SCV x2  
  123  9:21  SCV, Marine  
  123  9:23  Supply Depot  
  127  9:27  Supply Depot  
  127  9:28  Marine x2  
  127  9:29  Marine  
  130  9:31  Marine  
  130  9:32  Marine x2  
  130  9:37  Supply Depot  
  133  9:40  Marine x2  
  133  9:41  Marine  
  136  9:46  Marine x2, Terran Infantry Armor Level 2, Terran Infantry Weapons Level 2  
  136  9:47  Marine  
  136  9:50  Marine  
  136  9:52  Marine x2  
  142  9:53  Medivac  
  142  9:55  Medivac  
  142  9:58  Marine x2  
  142  9:59  Marine, Terran Ship Weapons Level 1  
  149  10:02  SCV  
  149  10:03  SCV x2  
  149  10:04  Marine  
  149  10:05  Marine  
  154  10:09  Starport  
  154  10:11  Siege Tank  
  154  10:13  Marine x2  
  159  10:14  Marine  
  159  10:15  Marine  
  159  10:18  Marine  
  162  10:21  Marine x2  
  162  10:25  Planetary Fortress  
  162  10:26  Marine  
  162  10:27  Supply Depot, Marine  
  166  10:30  Viking  
  166  10:31  Marine x2  
  166  10:33  Marine  
  166  10:34  Supply Depot  
  170  10:36  Viking  
  170  10:39  Marine x2  
  174  10:46  Marine  
  174  10:48  Starport Reactor, Command Center  
  175  10:50  Marine  
  175  10:52  Marine  
  175  10:53  Marine x2  
  179  10:57  Refinery  
  179  10:58  Refinery  
  179  10:59  Marine  
  156  11:16  Marine x2  
  156  11:17  Marine  
  135  11:21  Marine x2  
  135  11:24  Marine  
  135  11:25  Marine, Viking x2  
  127  11:31  Marine  
  118  11:40  Marine x2  
  118  11:41  Marine x2  
  118  11:42  Viking x2  
  118  11:43  Siege Tank  
  118  11:45  Starport, Armory  
  123  11:47  Marine  
  123  11:51  Marine x2  
  123  11:53  Marine x2  
  128  11:56  Viking x2  
  128  11:58  Marine x2  
  128  11:59  Marine  
  135  12:04  Terran Ship Weapons Level 2  
  135  12:05  Terran Infantry Armor Level 3, Marine x2, Terran Infantry Weapons Level 3  
  135  12:08  Planetary Fortress, Marine  
  131  12:10  SCV x2, Marine x2  
  131  12:12  Unknown  
  131  12:13  Viking x2  
  140  12:19  Siege Tank  
  140  12:20  Marine x2  
  140  12:22  Starport Reactor, Marine  
  145  12:25  SCV  
  145  12:26  Marine  
  145  12:28  Marine  
  148  12:30  Viking x2  
  152  12:37  Marine  
  150  12:51  Marine, Viking  
  120  12:53  Siege Tank  
  120  12:58  Terran Vehicle And Ship Armor Level 1  
  125  13:00  Marine  
  125  13:01  Viking x3  
  125  13:04  Liberator x2  
  133  13:14  Command Center x2  
  133  13:17  Factory  
  133  13:26  Barracks Tech Lab x2  
  136  13:27  Siege Tank  
  136  13:30  SCV x3  
  136  13:33  Liberator  
  145  13:34  Viking  
  145  13:35  Liberator  
  145  13:39  Marauder  
  152  13:43  SCV  
  150  13:51  Viking x2  
  150  13:58  Fusion Core  
  150  14:00  Siege Tank  
  150  14:01  Factory Tech Lab  
  151  14:05  Liberator  
  151  14:06  Viking  
  153  14:10  Starport  
  153  14:12  Starport  
  153  14:19  Marauder x2  
  157  14:26  Viking  
  157  14:34  Viking  
  157  14:35  Siege Tank x2  
  157  14:37  Marauder  
  167  14:38  Terran Ship Weapons Level 3  
  167  14:40  Liberator x2, Viking  
  179  14:46  Concussive Shells, Advanced Ballistics  
  179  14:52  Liberator  
  182  14:55  Liberator  
  185  15:00  Liberator  
  184  15:08  Liberator  
  184  15:11  Liberator, Refinery  
  184  15:13  Command Center  
  190  15:14  Command Center  
  190  15:16  Refinery  
  190  15:17  Planetary Fortress  
  190  15:34  Liberator  
  185  15:36  Liberator  
  185  15:39  Viking x2  
  185  15:40  Viking  
  178  15:43  Viking  
  178  15:45  Viking  
  178  15:46  Siege Tank  
  179  15:50  Unknown  
  179  15:53  Terran Vehicle And Ship Armor Level 2  
  179  15:58  Viking  
  179  16:00  Viking  
  179  16:02  Viking  
  181  16:14  Viking  
  181  16:15  Viking x2  
  187  16:20  Orbital Command  
  187  16:25  Liberator  
  187  16:26  Viking  
  187  16:28  Siege Tank  
  187  16:30  Orbital Command x2  
  194  16:38  Viking x2  
  164  17:01  Liberator x2  
  161  17:03  Liberator  
  170  17:13  Liberator  
  173  17:18  Liberator  
  173  17:19  Siege Tank  
  173  17:20  Siege Tank  
  182  17:24  Liberator x2  
  182  17:44  Liberator  
  182  17:49  Liberator x3  
Tags
 
Add a new tag
Caveats
  • Supply blocks, unpowered buildings, or Contaminate may cause inaccurate times.
  • Supply counts are checked every 10 seconds.